 Dungeon Crawl Stone Soup version 0.29-a0-43-g62a80824bf (webtiles) character file.

Game seed: 11258836839868594375

85 dualclasshuman the Grave Robber (level 4, 0/52 HPs)
             Began as a Demigod Necromancer on Feb 2, 2022.
             Succumbed to an adder's poison
             ... on level 2 of the Dungeon.
             The game lasted 00:16:22 (4300 turns).

dualclasshuman the Grave Robber (DgNe)              Turns: 4300, Time: 00:16:23

Health: 0/52       AC: 22    Str: 13    XL:     4   Next: 5%
Magic:  1/11       EV:  2    Int: 17    God:
Gold:   85         SH:  0    Dex: 14    Spells: 8/9 levels left

rFire   . . .      SeeInvis .   j - +1 hand axe
rCold   . . .      Faith    .   (no shield)
rNeg    . . .      Spirit   +   (armour currently unavailable)
rPois   +          Reflect  .   (helmet currently unavailable)
rElec   .          Harm     .   (cloak currently unavailable)
rCorr   .          Rampage  .   (gloves currently unavailable)
Will    .....      NoTele   +   (boots currently unavailable)
Stlth   ++........              g - amulet of guardian spirit
HPRegen 0.17/turn               (no ring)
MPRegen 0.12/turn               (no ring)

@: lethally poisoned (0 -> -9), tree-form
A: stationary, stasis, torment immunity, boosted hp, high MP 1, forlorn, divine
attributes
a: no special abilities


You were on level 2 of the Dungeon.
You were a tree.
You visited 1 branch of the dungeon, and saw 3 of its levels.

You collected 225 gold pieces.
You spent 140 gold pieces at shops.

Inventory:

Hand Weapons
 j - a +1 hand axe (weapon)
Missiles
 b - 12 poisoned darts
Armour
 a - a +0 robe (melded)
 d - a +0 scale mail
Jewellery
 g - an amulet of guardian spirit (around neck)
Scrolls
 m - a scroll of summoning {unknown}
Potions
 c - a potion of flight
 i - a potion of invisibility


   Skills:
 * Level 1.2 Fighting
 + Level 0.6 Maces & Flails
 + Level 2.0 Dodging
 - Level 1.7 Stealth
 + Level 3.1 Spellcasting
 - Level 3.7 Necromancy


You had 8 spell levels left.
You knew the following spells:

 Your Spells              Type           Power      Damage    Failure   Level
a - Pain                  Necr           60%        1d7       3%          1

Your spell library contained the following spells:

 Spells                   Type           Power      Damage    Failure   Level
 Animate Skeleton         Necr           30%        N/A       3%          1
 Vampiric Draining        Necr           15%        2d7       11%         3
 Animate Dead             Necr           7%         N/A       36%         4
 Agony                    Necr           15%        N/A       71%         5


Dungeon Overview and Level Annotations

Branches:
Dungeon (3/15)

Shops:
D:1 !

Annotations:
D:3 Natasha


Innate Abilities, Weirdness & Mutations

You are a tree.
Your roots penetrate the ground, keeping you stationary.
You cannot be teleported.
You are immune to unholy pain and torment.
Your maximum health is greatly increased.
Your equipment is partially melded.
You have an increased reservoir of magic. (+10% MP)
You shall have no god before yourself.
Your divine heritage dramatically boosts your attributes as you level up.


Message History

The adder completely misses you. The adder bites you.
* * * LOW HITPOINT WARNING * * *
You are lethally poisoned!
The adder poisons you!
You closely miss the adder.
The adder is severely wounded.
* * * LOW HITPOINT WARNING * * *
You feel very sick. The adder closely misses you.
You feel better. The adder misses you.
You hit the adder.
The adder is lightly wounded.
You barely miss the adder. The adder barely misses you. The adder bites you.
* * * LOW HITPOINT WARNING * * *
The adder bites you.
* * * LOW HITPOINT WARNING * * *
You are lethally poisoned!
The adder poisons you!
You don't have enough magic to cast this spell.
You feel better. The adder bites you. The adder completely misses you.
The adder bites you.
* * * LOW HITPOINT WARNING * * *
You slash the adder!
You kill the adder!
You miss the adder. The adder bites you.
* * * LOW HITPOINT WARNING * * *
You are lethally poisoned!
The adder poisons you!
You have reached level 4!
Really quaff the potion of lignification?
You turn into a tree.
Your +0 robe melds into your body.
Your roots penetrate the ground.
* * * LOW HITPOINT WARNING * * *
You feel sick. The adder bites you.
* * * LOW HITPOINT WARNING * * *
You are more poisoned.
The adder poisons you! The adder bites you but does no damage.
It was a potion of flight.
Your roots keep you in place.
You die...

#...#.........##.###
#........#.#####....
#.>.#..###.# #####
#.....## #.# ###..##
#.# #..# #.# #..#
#.# ##S## ##.# #
#†♣# #..# # #..#
#.## # ##..# #.#
####### #...## ##.#
#...... ######.#..#
#..# #......
#.......#.# #.##
#...... #.......#.#
#.# #......
#.......#.# #.#
#...... #.......#.#
#.# #......


You could see an adder.

Vanquished Creatures
  A gnoll (D:3)
  3 adders (D:2)
  A dart slug (D:1)
  6 bats
  2 endoplasms
  A giant cockroach (D:2)
  2 goblins (D:1)
  5 hobgoblins
  5 jackals
  5 kobolds
  3 quokkas
  2 ball pythons
  9 frilled lizards
45 creatures vanquished.

Vanquished Creatures (others)
  2 fungi (D:1)
  3 toadstools (D:1)
5 creatures vanquished.

Grand Total: 50 creatures vanquished

Notes
Turn   | Place    | Note
-------+----------+-------------------------------------------
     0 | D:1      | dualclasshuman the Demigod Necromancer began the quest for
                  | the Orb.
     0 | D:1      | Reached XP level 1. HP: 14/14 MP: 5/5
   743 | D:1      | Reached XP level 2. HP: 7/22 MP: 7/7
  1144 | D:1      | Found Hidd's Distillery.
  1151 | D:1      | Bought a potion of heal wounds for 70 gold pieces
  1284 | D:1      | Reached skill level 1 in Fighting
  2801 | D:2      | Reached XP level 3. HP: 25/28 MP: 6/9
  3415 | D:1      | Bought a potion of heal wounds for 70 gold pieces
  4186 | D:3      | Noticed Natasha
  4299 | D:2      | Reached XP level 4. HP: 3/35 MP: 0/11
  4299 | D:2      | HP: 2/52 [poisoned by an adder]
  4300 | D:2      | Succumbed to an adder's poison

Illustrated notes

Levels and vault maps discovered:
D:1:      dpeg_arrival_connections, layout_loops_ring, serial_shops, shop,
          minmay_gold_behind_fungi
D:2:      layout_rooms, minmay_lizard_pond
D:3:      layout_rooms, minmay_misc_feat_cross, amethyst_killhole,
          kennysheep_boxes, uniq_natasha

Skill      XL: |  1  2  3 |
---------------+----------+-----
Spellcasting   | 2 3 |  3.1
Fighting       | 1 |  1.2
Dodging        | 2 |  2.0
Maces & Flails | |  0.6
Stealth        | |  1.7
Necromancy     | |  3.7

Action                   |  1- 3 |  4- 6 || total
-------------------------+-------+-------++-------
Melee: Club              |    49 |       ||    49
       Hand axe          |    23 |       ||    23
       Punch             |     1 |       ||     1
 Cast: Pain              |    82 |       ||    82
  Use: Scroll            |     5 |       ||     5
       Potion            |     4 |     2 ||     6
 Stab: Sleeping          |     2 |       ||     2
Armor: Robe              |    26 |       ||    26
       Skin              |       |     1 ||     1
Dodge: Dodged            |   106 |       ||   106

Table legend: (Time is in decaauts)
 A = Elapsed time spent in this place.
 B = Non-inter-level travel time spent in this place.
 C = Inter-level travel time spent in this place.
 D = Time resting spent in this place.
 E = Time spent auto-exploring this place.
 F = Levels seen in this place.
 G = Mean time per level.
                   A        B        C        D        E       F      G
               +--------+--------+--------+--------+--------+-----+--------+
         Total |   4328 |   4300 |     28 |   2463 |    674 |   3 | 1442.7 |
       Dungeon |   4328 |   4300 |     28 |   2463 |    674 |   3 | 1442.7 |
               +--------+--------+--------+--------+--------+-----+--------+

Top non-repeatable levels by time:
     D:1: 2367 daAuts
     D:2: 1778 daAuts
     D:3: 182 daAuts
